 Dungeon Crawl Stone Soup version 0.29.1-12-g30fa7ad0bf (webtiles) character file.

Game seed: 8474166138537566936

392 wingedge the Chopper (level 6, -14/57 HPs)
             Began as a Hill Orc Berserker on Jan 7, 2023.
             Was a Believer of Trog.
             Demolished by Menkaure (20 damage)
             ... on level 4 of the Dungeon.
             The game lasted 00:05:42 (3825 turns).

wingedge the Chopper (Hill Orc Berserker)           Turns: 3825, Time: 00:05:44

Health: -14/57     AC:  7    Str: 22    XL:     6   Next: 80%
Magic:  6/6        EV: 11    Int:  7    God:    Trog [**....]
Gold:   208        SH:  0    Dex: 10    Spells: 5/5 levels left

rFire   + . .      SeeInvis .   a - +0 hand axe
rCold   . . .      Faith    .   (no shield)
rNeg    . . .      Spirit   .   u - +1 ring mail {rF+}
rPois   .          Reflect  .   (no helmet)
rElec   .          Harm     .   (no cloak)
rCorr   .          Rampage  .   (no gloves)
Will    .....                   q - +0 pair of boots
Stlth   ..........              (no amulet)
HPRegen 0.19/turn               (no ring)
MPRegen 0.10/turn               (no ring)

@: no status effects
A: no striking features
a: Renounce Religion, Berserk, Trog's Hand


You were on level 4 of the Dungeon.
You worshipped Trog.
Trog was pleased with you.
You visited 1 branch of the dungeon, and saw 4 of its levels.

You collected 208 gold pieces.

Inventory:

Hand Weapons
 a - a +0 hand axe (weapon)
 h - a +0 flail of holy wrath
Missiles
 m - 2 javelins (quivered)
 s - a throwing net
Armour
 q - a +0 pair of boots (worn)
 u - a +1 ring mail of fire resistance (worn)
Wands
 k - a wand of iceblast (3)
Scrolls
 f - a scroll of teleportation {unknown}
 g - 2 scrolls of poison {unknown}
 l - a scroll of butterflies {unknown}
 n - 2 scrolls of blinking {unknown}
 p - 2 scrolls of identify {unknown}
 r - a scroll of torment {unknown}
 t - a scroll of immolation {unknown}
 v - a scroll of fear {unknown}
 w - a scroll of acquirement {unknown}
 x - a scroll of vulnerability {unknown}
Potions
 b - 4 potions of might {unknown}
 c - 2 potions of curing
 d - 4 potions of attraction {unknown}
 e - 2 potions of lignification {unknown}
 i - a potion of mutation {unknown}
 j - a potion of heal wounds {unknown}
 o - 2 potions of berserk rage {unknown}
 z - 2 potions of degeneration {unknown}
 A - 2 potions of brilliance {unknown}
 B - a potion of haste {unknown}


   Skills:
 - Level 6.0 Fighting
 * Level 6.8 Axes
 + Level 2.4 Throwing
 - Level 3.0 Armour
 - Level 1.5 Dodging


You had 5 spell levels left.
You didn't know any spells.
Your spell library contained the following spells:

 Spells                   Type           Power      Damage    Failure   Level
 Stone Arrow              Conj/Erth      0%         3d7       91%         3
 Animate Armour           Summ/Erth      0%         N/A       100%        4
 Lehudib's Crystal Spear  Conj/Erth      0%         10d2      100%        8


Dungeon Overview and Level Annotations

Branches:
Dungeon (4/15)
 Temple: D:4-7

Altars:
Gozag
Kikubaaqudgha
Nemelex Xobeh
Uskayaw
Vehumet
The Shining One

Annotations:
D:4 Menkaure


Message History

You see here a +0 dagger.
You open the door.
Found a stone staircase leading up.
There is an open door here.
Menkaure, Prince of Dust comes into view.
Menkaure shouts!
Your skin crawls.
You feel strong-willed.
Menkaure forgets how to speak, silenced by the ages.
Menkaure casts a spell.
Menkaure seems to speed up.
Menkaure calls on the powers of darkness!
Your body is wracked with pain!
Menkaure points at you and mumbles some strange words.
You resist with almost no effort. Menkaure hits you.
Menkaure hits you but does no damage.
You barely miss Menkaure.
You feel the effects of Trog's Hand fading.
Menkaure barely misses you.
You barely miss Menkaure. Menkaure barely misses you.
You hit Menkaure.
Menkaure is lightly damaged.
Menkaure barely misses you.
You barely miss Menkaure.
Menkaure is lightly damaged.
Menkaure hits you!
Okay, then.
You hit Menkaure. You punch Menkaure.
Menkaure is heavily damaged.
Menkaure hits you.
You barely miss Menkaure.
Menkaure is heavily damaged.
Menkaure misses you.
You hit Menkaure but do no damage.
Menkaure is heavily damaged.
Your skin stops crawling.
You feel less strong-willed. Menkaure hits you!!
* * * LOW HITPOINT WARNING * * *
Menkaure hits you!!
You die...

##+## ##...## # #
##.....## ###.#
##.......## ###.#.####
#...M@....###........#
+.......<.'..........)
#.........###.....##.#
##.......## #.#.#.##.#
##.....## #.###.##.#
##...## #........#
##+## #####.#### #.#
#.#


You could see Menkaure (fast).

Vanquished Creatures
  Sigmund (D:4)
  5 adders
  11 gnolls (D:3)
  3 worms (D:2)
  2 dart slugs
  An orc (D:3)
  4 ball pythons
  5 bats
  9 endoplasms
  4 giant cockroaches
  5 goblins
  5 hobgoblins
  4 kobolds
  4 quokkas
  3 frilled lizards
  2 rats
68 creatures vanquished.

Notes
Turn   | Place    | Note
-------+----------+-------------------------------------------
     0 | D:1      | wingedge the Hill Orc Berserker began the quest for the
                  | Orb.
     0 | D:1      | Reached XP level 1. HP: 19/19 MP: 1/1
    83 | D:1      | Reached XP level 2. HP: 27/27 MP: 2/2
   637 | D:2      | Reached XP level 3. HP: 33/33 MP: 3/3
  1252 | D:2      | Reached ** piety under Trog
  1596 | D:2      | Reached XP level 4. HP: 41/41 MP: 4/4
  1889 | D:2      | Reached skill level 5 in Axes
  2023 | D:3      | Found a sparkling altar of Nemelex Xobeh.
  2023 | D:3      | Found a radiant altar of Vehumet.
  2133 | D:3      | Found an ancient bone altar of Kikubaaqudgha.
  2133 | D:3      | Found a glowing golden altar of the Shining One.
  2135 | D:3      | Found an opulent altar of Gozag.
  2136 | D:3      | Found a hide-covered altar of Uskayaw.
  2496 | D:3      | Reached skill level 5 in Fighting
  2496 | D:3      | Reached skill level 1 in Throwing
  2496 | D:3      | Reached XP level 5. HP: 48/48 MP: 5/5
  3382 | D:4      | Reached XP level 6. HP: 44/56 MP: 6/6
  3659 | D:4      | Noticed Sigmund
  3669 | D:4      | Killed Sigmund
  3813 | D:4      | Noticed Menkaure
  3825 | D:4      | Demolished by Menkaure

Illustrated notes

Levels and vault maps discovered:
D:1:      dpeg_arrival_windows_large_door, layout_rooms, minmay_misc_feat_iff
D:2:      layout_basic, kennysheep_donut, minmay_unequal
D:3:      layout_basic, grunt_temple_overflow_open, columned_hall_lemuel,
          minmay_misc_feat_tower
D:4:      layout_loops_corners, mainiacjoe_overflow_alcove_4,
          nicolae_overflow_hidden_temple, uniq_menkaure, uniq_eustachio,
          uniq_blork_the_orc, uniq_sigmund, uniq_natasha

Skill      XL: |  1  2  3  4  5  6 |
---------------+-------------------+-----
Fighting       | 4 5 6 |  6.0
Armour         | 3 |  3.0
Axes           | 5 6 |  6.8
Throwing       | 1 2 |  2.4
Dodging        | |  1.5

Action                   |  1- 3 |  4- 6 || total
-------------------------+-------+-------++-------
Melee: Hand axe          |    96 |   133 ||   229
       Punch             |     1 |     1 ||     2
Throw: Javelin           |       |     2 ||     2
Invok: Berserk           |     2 |     3 ||     5
       Trog's Hand       |       |     2 ||     2
Evoke: Wand              |     2 |       ||     2
Armor: Chain mail        |    16 |       ||    16
       Animal skin       |     1 |       ||     1
       Ring mail         |    21 |    48 ||    69
Dodge: Dodged            |    50 |    65 ||   115
